 Dungeon Crawl Stone Soup version 0.29.0-11-gd7f09526c8 (webtiles) character file.

Game seed: 16316116824894322279

14 sanka the Sneak (level 2, 0/25 HPs)
             Began as a Demigod Delver on Sept 6, 2022.
             Slain by a jackal (1 damage)
             ... on level 3 of the Dungeon.
             The game lasted 00:01:20 (408 turns).

sanka the Sneak (Demigod Delver)                     Turns: 408, Time: 00:01:21

Health: 0/25       AC:  4    Str: 13    XL:     2   Next: 15%
Magic:  4/4        EV: 11    Int: 12    God:
Gold:   26         SH:  0    Dex: 15    Spells: 1/1 levels left

rFire   . . .      SeeInvis .     - Unarmed
rCold   . . .      Faith    .   (no shield)
rNeg    . . .      Spirit   .   a - +0 leather armour
rPois   .          Reflect  .   (no helmet)
rElec   .          Harm     .   (no cloak)
rCorr   .          Rampage  .   g - +0 pair of gloves
Will    .....                   (no boots)
Stlth   +++.......              (no amulet)
HPRegen 0.08/turn               (no ring)
MPRegen 0.09/turn               (no ring)

@: no status effects
A: high MP 1, forlorn, divine attributes
a: no special abilities


You were on level 3 of the Dungeon.
You visited 1 branch of the dungeon, and saw 4 of its levels.

You collected 26 gold pieces.


Innate Abilities, Weirdness & Mutations

You have an increased reservoir of magic. (+10% MP)
You shall have no god before yourself.
Your divine heritage dramatically boosts your attributes as you level up.


   Skills:
 - Level 2.6 Fighting
 - Level 1.7 Dodging
 - Level 4.5 Stealth
 + Level 2.7 Unarmed Combat


You had one spell level left.
You didn't know any spells.
Your spell library contained the following spells:

 Spells                   Type           Power      Damage    Failure   Level
 Necrotise                Necr           0%         1d4       38%         1
 Vampiric Draining        Necr           0%         2d6       77%         3
 Agony                    Necr           0%         N/A       100%        5

Inventory:

Armour
 a - a +0 leather armour (worn)
 g - a +0 pair of gloves (worn)
Wands
 f - a wand of digging (3)
Scrolls
 b - a scroll of fog
 c - a scroll of magic mapping

Dungeon Overview and Level Annotations

Branches:
Dungeon (5/15)
 Temple: D:4-7

Annotations:
D:2 Sigmund
D:3 Robin
D:5 exclusion: centaur

▒▒ .. ▒▒
.▒ ▒. ..
▒h▒▒.▒.▒
▒.p....▒
▒▒▒▒...▒
..▒ .▒ ▒


You could see a jackal.


Message History

You kill the jackal!
Things that are here:
a jackal corpse; a hobgoblin corpse Unknown command.
You hit the goblin.
You kill the goblin!
Unknown command.
You see here a jackal corpse.
You see here a bat corpse.
Sigmund shouts!
Sigmund gestures at you while chanting. The puff of flame misses you.
The jackal bites you but does no damage.
Your extra speed is starting to run out.
You feel yourself slow down.
There is a stone staircase leading down here.
The jackal barely misses you.
You climb downwards.
Level annotation: Robin
There is a stone staircase leading up here.
Unknown command.
You hit the jackal but do no damage. The jackal bites you.
* * * LOW HITPOINT WARNING * * *
The jackal barely misses you.
You closely miss the jackal.
The jackal bites you but does no damage.
You closely miss the jackal. The jackal bites you.
You die...

Action                   || total
-------------------------++-------
Melee: Unarmed           ||    52
       Punch             ||     1
  Use: Scroll            ||     1
       Potion            ||     1
Armor: Leather armour    ||    27
Dodge: Dodged            ||    47

Levels and vault maps discovered:
D:2:      layout_basic, minmay_3d_cube, uniq_sigmund, uniq_jessica
D:3:      layout_loops_ring, gammafunk_ghost_icy, serial_shops, shop,
          shop_statue, nicolae_shop_bloodbath_and_beyond,
          nicolae_shop_hallway_stairs, nicolae_shop_stone, kennysheep_boxes,
          uniq_robin
D:4:      nicolae_cairo_tiling_large_dashed, layout_basic,
          nicolae_overflow_crystal_walls
D:5:      layout_cave_pools, overflow_temple_1_default, lightli_temple_of_fire,
          uniq_blork_the_orc, uniq_grinder

Notes
Turn   | Place    | Note
-------+----------+-------------------------------------------
     0 | D:5      | sanka the Demigod Delver began the quest for the Orb.
     0 | D:5      | Reached XP level 1. HP: 18/18 MP: 3/3
    17 | D:5      | Noticed a centaur
    56 | D:5      | Noticed a hound
    57 | D:5      | Noticed an iguana
    69 | D:3      | Noticed Robin
    98 | D:2      | Reached skill level 2 in Unarmed Combat
   280 | D:2      | HP: 1/18 [constriction (1)]
   346 | D:2      | Noticed Sigmund
   360 | D:2      | Reached XP level 2. HP: 7/25 MP: 4/4
   363 | D:2      | HP: 1/25 [goblin/+0 club (4)]
   406 | D:3      | HP: 1/25 [jackal (3)]
   408 | D:3      | Slain by a jackal

Vanquished Creatures
  An endoplasm (D:2)
  A giant cockroach (D:2)
  A goblin (D:2)
  A hobgoblin (D:2)
  5 jackals (D:2)
  A ball python (D:2)
  A bat (D:2)
11 creatures vanquished.
